 Dungeon Crawl Stone Soup version 0.20.0-8-g6b59dc7 (webtiles) character file.

36323 wewlad1 the Blocker (level 13, -3/124 HPs)
             Began as a Gargoyle Fighter on May 30, 2017.
             Was the Champion of Okawaru.
             Slain by a naga mage (5 damage)
             ... on level 2 of the Snake Pit on May 31, 2017.
             The game lasted 01:34:33 (19002 turns).

wewlad1 the Blocker (Gargoyle Fighter)             Turns: 19002, Time: 01:34:33

Health: -3/124     AC: 26    Str: 30    XL:     13   Next: 89%
Magic:  0/15       EV: -1    Int: 14    God:    Okawaru [******]
Gold:   1103       SH: 14    Dex:  9    Spells: 12/12 levels left

rFire    + . .     SeeInvis +   v - +3 mace (protect)
rCold    + . .     Gourm    .   c - +0 shield
rNeg     + + +     Faith    .   (armour currently unavailable)
rPois    ∞         Spirit   +   (helmet currently unavailable)
rElec    +         Reflect  .   (cloak currently unavailable)
rCorr    +         Harm     .   (gloves currently unavailable)
MR       .....     NoTele   +   (boots currently unavailable)
Stlth    ++........             P - amulet of guardian spirit
Regen    0.3/turn               (no ring)
MPRegen  0.2/turn               N - ring of see invisible

@: mighty, brilliant, tree-form, resistant, slowed, constricted, studying
Dodging, very slow
A: negative energy resistance 1, petrification resistance, rot immunity, AC +9
a: Heroism, Finesse, Renounce Religion


You were on level 2 of the Snake Pit.
You worshipped Okawaru.
Okawaru was exalted by your worship.
You were not hungry.
You were a tree.
You visited 4 branches of the dungeon, and saw 20 of its levels.
You also visited: Bailey.

You collected 1103 gold pieces.

Inventory:

Hand Weapons
 d - a +2 dire flail of protection
 i - a +4 great mace of draining
 v - a +3 mace of protection (weapon)
Armour
 c - a +0 shield (worn)
 l - a +0 cloak (melded)
 n - a +0 helmet (melded)
 x - a +0 pair of boots (melded)
 z - a +3 plate armour (melded)
Jewellery
 M - an uncursed amulet of the gourmand
 N - a ring of see invisible (right branch)
 P - an amulet of guardian spirit (around neck)
Wands
 t - a wand of acid (7/15)
 y - a wand of digging (5/24)
 O - a wand of iceblast (13/15)
Scrolls
 a - a scroll of enchant armour
 e - 10 scrolls of identify
 g - a scroll of magic mapping {unknown}
 j - 2 scrolls of amnesia
 p - a scroll of blinking {unknown}
 u - 2 scrolls of recharging
 w - 5 scrolls of remove curse
 B - a scroll of acquirement {unknown}
 H - 2 scrolls of teleportation
 L - a scroll of vulnerability {unknown}
 R - a scroll of silence {unknown}
 V - a scroll of summoning {unknown}
 W - a scroll of fear
Potions
 b - a potion of curing {unknown}
 k - a potion of brilliance
 q - a potion of degeneration {unknown}
 r - 5 potions of haste
 G - a potion of berserk rage {unknown}
 J - a potion of ambrosia
 S - 2 potions of agility
 X - a potion of resistance
Books
 f - a book of Clouds

   Spells                             Type                      Level
   a - Poisonous Vapours              Poison/Air                   2
   b - Mephitic Cloud                 Conjuration/Poison/Air       3
   c - Conjure Flame                  Conjuration/Fire             3
   d - Freezing Cloud                 Conjuration/Ice/Air          6
   e - Ring of Flames                 Charms/Fire                  7
 T - a manual of Dodging
Miscellaneous
 o - a fan of gales
Comestibles
 m - 3 fruits
 I - 8 royal jellies


   Skills:
 + Level 10.5 Fighting
 + Level 14.0 Maces & Flails
 + Level 9.7 Armour
 + Level 2.9 Dodging
 + Level 1.7 Stealth
 + Level 14.2 Shields
 + Level 3.2 Invocations
 + Level 0.8 Evocations


You had 12 spell levels left.
You didn't know any spells.

Dungeon Overview and Level Annotations

Branches:
Dungeon (11/15)            Temple (1/1) D:4            Lair (6/6) D:9
 Shoals (0/4) Lair:2        Snake (1/4) Lair:2        Slime (0/5) Lair:5
    Orc: D:9-12

Altars:
Dithmenos
Elyvilon
Fedhas
Okawaru
Sif Muna
Trog
Uskayaw
Xom
Yredelemnul
Zin
The Shining One
Beogh

Annotations:
Lair:2 exclusion: 4 oklob plants
Lair:3 exclusion: 2 oklob plants


Innate Abilities, Weirdness & Mutations

You are resistant to torment.
((Your stone body is resilient. (AC +9)))
You are immune to poison.
You resist negative energy. (rN+)
((You are resistant to electric shocks. (rElec)))
((You can survive without breathing.))
You are immune to petrification.
You are immune to rotting.


Message History

The naga mage spits poison at you. You block the splash of poison.
The naga warrior hits you with a war axe.
* * * LOW HITPOINT WARNING * * *
The naga warrior constricts you. The guardian serpent hits you.
* * * LOW HITPOINT WARNING * * *
The naga mage hits you but does no damage.
The naga hits you but does no damage. You block the naga warrior's attack.
The naga warrior constricts you.
You block the guardian serpent's attack.
It was a potion of brilliance.
You feel clever all of a sudden.
The naga mage hits you but does no damage.
The guardian serpent hits you.
* * * LOW HITPOINT WARNING * * *
You block the naga mage's attack. The naga completely misses you.
The naga warrior completely misses you. The naga warrior constricts you.
The guardian serpent hits you but does no damage.
The naga mage hits you!
You die...

## ?# #### .# ##..#
.### #...#### ###
..## #......####..
#N)# ##.......N...
#♣N# ##.......N..
##NS# #..†######.
#######...#
##..####....
.........##
#...##......
.........#
##..##.......
.........##
#..###..####.
..........###..##..##
#.
...#####...........#
.. ##.........##


You could see a naga warrior, a guardian serpent, a naga mage and a naga.

Vanquished Creatures
  Rupert (Lair:4)
  Snorg (Lair:4)
  The ghost of soberaf the Slinger, a journeyman HaHu of Elyvilon (Lair:2)
  2 hydras
  A naga warrior (Snake:1)
  A two-headed ogre (D:9)
  A shock serpent (Snake:1)
  An orc knight (Bailey)
  2 salamanders (Snake:2)
  9 black mambas
  A merfolk siren (Lair:2)
  8 elephants
  3 centaur skeletons
  4 spiny frogs
  A rime drake (Lair:6)
  6 komodo dragons
  2 hellwings (D:7)
  2 trolls
  A hornet (D:10)
  6 hippogriffs
  6 blink frogs
  Sigmund (D:6)
  2 wyverns
  A spriggan (D:7)
  2 basilisks
  13 yaks
  A fire elemental (Lair:1)
  A hungry ghost (D:9)
  A soldier ant (D:10)
  2 acid dragons (Lair:6)
  10 water moccasins
  15 orc warriors
  9 porcupines
  2 swamp drakes (Lair:6)
  A sky beast (D:7)
  3 phantoms
  An ice beast (D:10)
  5 black bears
  A hornet zombie (D:8)
  A necrophage (D:9)
  5 ogres
  11 wolves
  4 centaurs
  11 crocodiles
  14 bullfrogs
  2 gnoll sergeants
  3 scorpions
  23 killer bees
  2 howler monkeys (D:9)
  4 crimson imps
  5 centaur zombies
  2 quasits (D:7)
  A bullfrog zombie (D:10)
  5 hounds
  6 orc priests
  3 jellies
  6 orc wizards
  An iguana (D:9)
  7 worker ants
  A hound zombie (D:5)
  A hound skeleton (D:4)
  15 adders
  30 gnolls
  8 shadow imps
  2 oozes
  2 adder zombies
  2 worms
  3 dart slugs
  3 leopard geckos
  66 orcs
  A ball python (D:5)
  5 bats
  4 giant cockroaches
  11 goblins
  3 hobgoblins (D:1)
  9 jackals
  4 quokkas
  8 frilled lizards
  4 kobolds
  A leopard gecko skeleton (D:8)
  2 rats
432 creatures vanquished.

Vanquished Creatures (others)
  A rime drake (Lair:6)
  42 fungi
  45 plants
88 creatures vanquished.

Grand Total: 520 creatures vanquished

Notes
Turn   | Place    | Note
-------+----------+-------------------------------------------
     0 | D:1      | wewlad1 the Gargoyle Fighter began the quest for the Orb.
     0 | D:1      | Reached XP level 1. HP: 14/14 MP: 1/1
   257 | D:1      | Reached XP level 2. HP: 19/19 MP: 2/2
   579 | D:2      | Reached XP level 3. HP: 20/23 MP: 3/3
  1022 | D:3      | Reached XP level 4. HP: 15/29 MP: 4/4
  1953 | D:3      | Reached XP level 5. HP: 21/33 MP: 5/5
  1971 | D:3      | Reached skill level 1 in Dodging
  2094 | D:4      | Noticed an ogre
  2107 | D:4      | Killed an ogre
  2352 | D:4      | Reached XP level 6. HP: 38/38 MP: 6/6
  2689 | D:4      | Found a staircase to the Ecumenical Temple.
  2764 | Temple   | Entered the Ecumenical Temple
  2770 | Temple   | Became a worshipper of Warmaster Okawaru
  3207 | D:4      | Found a deep blue altar of Sif Muna.
  3299 | D:5      | Entered Level 5 of the Dungeon
  3482 | D:5      | Noticed a phantom
  3547 | D:5      | Killed a phantom
  3547 | D:5      | Reached skill level 5 in Maces & Flails
  3547 | D:5      | Reached XP level 7. HP: 30/44 MP: 7/7
  3646 | D:5      | Found a sand-covered staircase.
  3750 | D:5      | Reached skill level 5 in Shields
  3824 | D:5      | Reached * piety under Okawaru
  3892 | D:5      | Found a white marble altar of Elyvilon.
  3895 | D:5      | Found a shimmering altar of Xom.
  3895 | D:5      | Found a glowing silver altar of Zin.
  3895 | D:5      | Found a blossoming altar of Fedhas.
  4466 | D:6      | Noticed Sigmund
  4476 | D:6      | Killed Sigmund
  4507 | D:6      | Reached XP level 8. HP: 33/48 MP: 8/8
  4656 | D:6      | Reached skill level 5 in Armour
  4788 | D:6      | Reached skill level 5 in Fighting
  5542 | D:7      | Found an iron altar of Okawaru.
  5571 | D:7      | Reached ** piety under Okawaru
  5614 | D:7      | Reached XP level 9. HP: 37/54 MP: 9/9
  6580 | D:8      | Noticed a hellwing
  6581 | D:8      | Noticed a hellwing
  6638 | D:7      | Killed a hellwing
  6999 | D:7      | Killed a hellwing
  6999 | D:7      | Reached *** piety under Okawaru
  7236 | D:8      | Reached XP level 10. HP: 59/60 MP: 7/10
  7450 | D:8      | Reached **** piety under Okawaru
  7562 | D:8      | Reached skill level 10 in Shields
  7975 | D:8      | Found a shadowy altar of Dithmenos.
  8204 | D:9      | Found a staircase to the Lair.
  8216 | D:9      | Noticed a two-headed ogre
  8229 | D:9      | Killed a two-headed ogre
  8229 | D:9      | Reached ***** piety under Okawaru
  8229 | D:9      | Reached skill level 10 in Maces & Flails
  8254 | D:9      | Reached skill level 1 in Invocations
  8363 | D:9      | Reached XP level 11. HP: 56/67 MP: 9/11
  9395 | D:9      | Found a roughly hewn altar of Beogh.
  9558 | D:10     | Entered Level 10 of the Dungeon
  9661 | D:10     | Found a basalt altar of Yredelemnul.
  9916 | D:10     | Found a flagged portal.
  9925 | Bailey   | Entered a bailey
  9965 | Bailey   | Received a gift from Okawaru
  9970 | Bailey   | Got a twisted scimitar {god gift}
  9971 | Bailey   | Identified the +1 scimitar of Defence {slice, *Drain Str+7} (Okawaru gifted it to you in a bailey)
 10985 | Bailey   | Noticed an orc knight
 11035 | Bailey   | Killed an orc knight
 11115 | Bailey   | Got a dazzling mace
 11116 | Bailey   | Identified the cursed +1 mace of Zydic {elec, rC- Int+4 Stlth+} (You found it in a bailey)
 11747 | Lair:1   | Entered Level 1 of the Lair of Beasts
 12667 | Lair:1   | Reached XP level 12. HP: 70/75 MP: 11/13
 12971 | Lair:2   | Found a staircase to the Snake Pit.
 13194 | Lair:2   | Noticed soberaf's ghost (journeyman HaHu)
 13223 | Lair:2   | Killed soberaf's ghost
 13623 | Lair:2   | Found a staircase to the Shoals.
 13832 | Lair:3   | Noticed an eight-headed hydra
 13846 | Lair:3   | Killed an eight-headed hydra
 14916 | Lair:4   | Reached ****** piety under Okawaru
 15102 | Lair:4   | Received a gift from Okawaru
 15349 | Lair:4   | Noticed Snorg
 15377 | Lair:4   | Killed Snorg
 15377 | Lair:4   | Reached XP level 13. HP: 72/80 MP: 10/14
 15423 | Lair:4   | Noticed Rupert
 15461 | Lair:4   | Killed Rupert
 16232 | Lair:5   | Reached skill level 10 in Fighting
 16860 | Lair:5   | Found a staircase to the Slime Pits.
 17019 | Lair:6   | Entered Level 6 of the Lair of Beasts
 17861 | Lair:6   | Received a gift from Okawaru
 17861 | Lair:6   | Reached skill level 1 in Stealth
 17862 | Lair:6   | Got a polished halberd {god gift}
 17905 | Lair:6   | Noticed a fire dragon
 18248 | Snake:1  | Entered Level 1 of the Snake Pit
 18917 | Snake:1  | You fall through a shaft!
 19000 | Snake:2  | HP: 6/124 [naga warrior/war axe (9)]
 19002 | Snake:2  | HP: 2/124 [guardian serpent (3)]
 19002 | Snake:2  | Slain by a naga mage

Skill      XL: |  1  2  3  4  5  6  7  8  9 10 11 12 13 |
---------------+----------------------------------------+-----
Maces & Flails | 3 4 5 6 7 8 10 11 13 14 | 14.0
Shields        | 4 5 7 9 10 11 13 14 | 14.2
Dodging        | 1 2 |  2.9
Fighting       | 4 5 6 7 8 9 10 | 10.5
Armour         | 4 5 6 7 8 9 |  9.7
Invocations    | 1 2 3 |  3.2
Stealth        | 1 |  1.7
Evocations     | |  0.8

Action                   |  1- 3 |  4- 6 |  7- 9 | 10-12 | 13-15 || total
-------------------------+-------+-------+-------+-------+-------++-------
Melee: Flail             |   129 |   265 |   556 |   554 |       ||  1504
       Mace              |       |       |       |  1153 |   558 ||  1711
       Dire flail        |       |       |       |    21 |       ||    21
Invok: Heroism           |       |       |     7 |    23 |    11 ||    41
       Finesse           |       |       |       |     3 |     2 ||     5
Evoke: Wand              |       |       |       |     3 |     2 ||     5
  Use: Potion            |       |     2 |     2 |     4 |     9 ||    17
       Scroll            |       |       |       |    30 |     3 ||    33
 Stab: Confused          |       |       |       |       |     4 ||     4
  Eat: Chunk             |       |     9 |    12 |    31 |     9 ||    61
       Fruit             |       |       |     1 |     6 |       ||     7
       Meat ration       |       |       |       |       |     1 ||     1
Armor: Scale mail        |    84 |    40 |       |       |       ||   124
       Plate armour      |       |   161 |   454 |   966 |   280 ||  1861
       Skin              |       |       |       |       |    30 ||    30
Dodge: Dodged            |    48 |    56 |   171 |   363 |   136 ||   774
Block: Shield            |    81 |   153 |   445 |  1061 |   357 ||  2097
